 Dungeon Crawl Stone Soup version 0.28-a0-706-gf6f64a616a (webtiles) character file.

Game seed: 11773235169145673440

202 marklar909 the Chopper (level 5, -4/44 HPs)
             Began as a Palentonga Fighter on Oct 24, 2021.
             Slain by Duvessa (8 damage)
             ... on level 3 of the Dungeon.
             The game lasted 00:02:54 (3427 turns).

marklar909 the Chopper (Palentonga Fighter)         Turns: 3427, Time: 00:02:54

Health: -4/44      AC:  8    Str: 20    XL:     5   Next: 50%
Magic:  14/14      EV:  7    Int:  8    God:
Gold:   176        SH:  7    Dex: 10    Spells: 4/4 levels left

rFire   . . .      SeeInvis +   a - +0 war axe
rCold   . . .      Faith    .   n - +0 kite shield
rNeg    . . .      Spirit   .   j - +0 leather armour {Will+}
rPois   .          Reflect  .   (no helmet)
rElec   .          Harm     .   (no cloak)
rCorr   .          Rampage  .   k - +2 pair of gloves
Will    +....                   (no barding)
Stlth   +.........              (no amulet)
HPRegen 0.14/turn               i - ring of magical power
MPRegen 0.14/turn               (no ring)

@: no status effects
A: large, rugged brown scales 3, see invisible, deformed body, roll 1, armoured
tail
a: Rolling Charge


You were on level 3 of the Dungeon.
You visited 1 branch of the dungeon, and saw 4 of its levels.

You collected 176 gold pieces.

Inventory:

Hand Weapons
 a - a +0 war axe (weapon)
Armour
 j - a +0 leather armour of willpower (worn)
 k - a +2 pair of gloves (worn)
 n - a +0 kite shield (worn)
Jewellery
 f - an amulet of faith
 i - a ring of magical power (left hand)
Scrolls
 e - a scroll of identify
 l - a scroll of acquirement {unknown}
 m - a scroll of noise {unknown}
Potions
 d - a potion of lignification {unknown}
 g - a potion of heal wounds
 h - a potion of curing {unknown}


   Skills:
 + Level 3.8 Fighting
 + Level 4.0 Axes
 + Level 3.1 Armour
 + Level 0.6 Dodging
 + Level 0.6 Stealth
 + Level 2.7 Shields


You had 4 spell levels left.
You didn't know any spells.
Your spell library contained the following spells:

 Spells                   Type           Power      Damage    Failure   Level
 Magic Dart               Conj           0%         1d3       89%         1
 Sandblast                Erth           0%         2d4       89%         1
 Ensorcelled Hibernation  Hex/Ice        0%         N/A       96%         2
 Passwall                 Tmut/Erth      0%         N/A       96%         2
 Searing Ray              Conj           0%         2d4       96%         2
 Conjure Flame            Conj/Fire      0%         6-21      99%         3
 Frozen Ramparts          Ice            0%         1d2       99%         3
 Stone Arrow              Conj/Erth      0%         3d7       99%         3
 Tukima's Dance           Hex            0%         N/A       99%         3
 Fulminant Prism          Conj/Hex       0%         3d6       100%        4
 Hailstorm                Conj/Ice       0%         3d3       100%        4


Dungeon Overview and Level Annotations

Branches:
Dungeon (4/15)
 Temple: D:4-7

Altars:
Fedhas
Gozag

Annotations:
D:3 Dowan, Duvessa


Innate Abilities, Weirdness & Mutations

You are completely covered in rugged brown scales. (AC +3, +7% HP)
You have supernaturally acute eyesight. (SInv)
Armour fits poorly on your strangely shaped body.
You can roll at nearby foes to attack.
You have a long armoured tail.


Message History

There is a stone staircase leading down here.
You climb downwards.
Duvessa shouts!
The ball python hisses angrily.
You hear an angry hiss.
Found a book of Callings.
Found an escape hatch in the ceiling.
Found a stone staircase leading up.
There is a stone staircase leading up here.
There are monsters nearby!
There are monsters nearby!
There are monsters nearby!
You closely miss Duvessa. You tail-slap Duvessa.
Duvessa is lightly wounded.
You block Duvessa's attack. Dowan hits you with a +0 dagger.
Duvessa hits you but does no damage.
You hit Duvessa but do no damage.
Duvessa is lightly wounded.
You barely miss Dowan. You barely miss the ball python.
The ball python bites you but does no damage.
Dowan points at Duvessa and mumbles some strange words.
Duvessa seems to speed up.
Duvessa closely misses you.
The ball python bites you but does no damage.
Duvessa hits you with a +0 short sword! Dowan hits you with a +0 dagger.
The ball python closely misses you. You block Duvessa's attack.
You climb upwards.
There is a stone staircase leading down here.
Unknown command.
Dowan hits you with a +0 dagger. Duvessa hits you with a +0 short sword.
Duvessa says, "When magic and the sword combine, nothing stands against them."
Duvessa hits you with a +0 short sword. Dowan casts a spell at you.
The puff of flame hits you! You block Duvessa's attack.
The ball python closely misses you. Duvessa hits you but does no damage.
Duvessa hits you with a +0 short sword!
* * * LOW HITPOINT WARNING * * *
Duvessa hits you with a +0 short sword.
* * * LOW HITPOINT WARNING * * *
Duvessa hits you but does no damage.
There is a stone staircase leading up here.
Duvessa hits you with a +0 short sword!
You die...

#.......#.# ##...#.#
#...###.#.# #...#.#
#...# #.#.# ###
#...#.# #.#.# #.#.#
#.# ##....#
####.#.###.#.# #.#
######
......>......# #.#
.............# #.#
.............#####.#
.......###...See@#.#
.......#####.#####.#
...................#
.......#####.#######
##'##### #.# #.# #.#
#.# #.# #.# #.# #.#
#.#


You could see Duvessa (fast), Dowan and a ball python.

Vanquished Creatures
  A scorpion (D:3)
  A bullfrog zombie (D:3)
  An orc priest (D:3)
  An orc wizard (D:3)
  An adder skeleton (D:2)
  A worm (D:3)
  2 dart slugs
  6 orcs (D:3)
  5 endoplasms
  A giant cockroach (D:3)
  2 goblins
  3 hobgoblins
  5 kobolds
  2 quokkas
  2 ball pythons
  2 bats (D:1)
  3 frilled lizards
  3 rats
  A spectral hobgoblin (D:3)
43 creatures vanquished.

Vanquished Creatures (others)
  10 fungi (D:3)
  4 plants (D:3)
14 creatures vanquished.

Grand Total: 57 creatures vanquished

Notes
Turn   | Place    | Note
-------+----------+-------------------------------------------
     0 | D:1      | marklar909 the Palentonga Fighter began the quest for the
                  | Orb.
     0 | D:1      | Reached XP level 1. HP: 19/19 MP: 1/1
     6 | D:1      | Got the Disquisition on Glacial Confrontation
   447 | D:1      | Reached XP level 2. HP: 21/25 MP: 2/2
  1389 | D:2      | Reached XP level 3. HP: 28/31 MP: 3/3
  2181 | D:3      | Found an opulent altar of Gozag.
  2208 | D:3      | Noticed a scorpion
  2216 | D:3      | Killed a scorpion
  2217 | D:3      | Reached skill level 3 in Axes
  2217 | D:3      | Reached XP level 4. HP: 26/38 MP: 4/4
  2463 | D:3      | Found a faded altar of an unknown god.
  2536 | D:3      | Reached XP level 5. HP: 24/44 MP: 5/5
  2680 | D:3      | Found a blossoming altar of Fedhas.
  2729 | D:3      | Reached skill level 4 in Axes
  3098 | D:4      | Noticed an orc warrior
  3412 | D:4      | Noticed Duvessa
  3412 | D:4      | Noticed Dowan
  3427 | D:3      | Slain by Duvessa

Illustrated notes

Levels and vault maps discovered:
D:1:      co_arrival_square_in_a_square_in_a_square, layout_loops_ring
D:2:      layout_loops_ring
D:3:      layout_basic, grunt_gozag_breadcrumbs, fedhas_altar_3, serial_curves,
          eino_curves_01, eino_curves_04,
          dreamdust_ecumenical_altar_drowned_temple
D:4:      layout_rooms, lemuel_coloured_pillars_altar, lemuel_doored_altar,
          nicolae_overflow_hidden_temple, temple_pool_b, serial_shops, shop,
          uniq_duvessa

Skill      XL: |  1  2  3  4  5 |
---------------+----------------+-----
Axes           | 3 4 |  4.0
Armour         | 3 |  3.1
Fighting       | |  3.8
Dodging        | |  0.6
Stealth        | |  0.6
Shields        | |  2.7

Action                   |  1- 3 |  4- 6 || total
-------------------------+-------+-------++-------
Melee: War axe           |    88 |    38 ||   126
       Tailslap          |     9 |     4 ||    13
  Use: Scroll            |     3 |     2 ||     5
       Potion            |       |     1 ||     1
Armor: Scale mail        |    31 |       ||    31
       Leather armour    |     8 |    18 ||    26
Dodge: Dodged            |    36 |    16 ||    52
Block: Buckler           |    11 |     5 ||    16
       Kite shield       |       |     4 ||     4

Table legend: (Time is in decaauts)
 A = Elapsed time spent in this place.
 B = Non-inter-level travel time spent in this place.
 C = Inter-level travel time spent in this place.
 D = Time resting spent in this place.
 E = Time spent auto-exploring this place.
 F = Levels seen in this place.
 G = Mean time per level.
                   A        B        C        D        E       F      G
               +--------+--------+--------+--------+--------+-----+--------+
         Total |   3483 |   3324 |    159 |    310 |   2519 |   4 |  870.8 |
       Dungeon |   3483 |   3324 |    159 |    310 |   2519 |   4 |  870.8 |
               +--------+--------+--------+--------+--------+-----+--------+

Top non-repeatable levels by time:
     D:3: 1410 daAuts
     D:2: 1017 daAuts
     D:1: 1008 daAuts
     D:4: 46 daAuts
